 Dungeon Crawl Stone Soup version 0.20-a0-435-gf4ea4dd (webtiles) character file.

140424 Faca the Tortoise (level 17, -15/145 HPs)
             Began as a Formicid Fighter on Jan 4, 2017.
             Was the Champion of Okawaru.
             Demolished by a storm dragon simulacrum (16 damage)
             ... on level 3 of the Abyss on Jan 6, 2017.
             The game lasted 01:57:59 (24908 turns).

Faca the Tortoise (Formicid Fighter)               Turns: 24908, Time: 01:58:00

Health: -15/145    AC: 32    Str: 29    XL:     17   Next: 91%
Magic:  8/8        EV:  8    Int:  7    God:    Okawaru [******]
Gold:   2158       SH: 25    Dex: 21    Spells: 16/16 levels left

rFire  + + +     SeeInvis +     v - +7 executioner's axe (drain)
rCold  + . .     Gourm    .     n - +2 plate armour {rPois}
rNeg   . . .     Faith    +     R - +1 large shield "Selyeciu" {Regen+}
rPois  +         Spirit   .     (helmet unavailable)
rElec  +         Reflect  .     d - +2 cloak
rCorr  .         Harm     .     q - +0 pair of gloves "Ipius" {rC+ MP-9 Str+7}
MR     +....                    J - +0 pair of boots of Muci {rF++}
Stlth  ..........               u - amulet of Qazlal's Outrage {Faith rElec Int-3 Dex+7 Stlth-}
                                M - +4 ring of protection
                                w - ring of protection from fire

@: glowing
A: permanent stasis, dig shafts and tunnels, four strong arms, antennae 3
a: Dig, Shaft Self, Heroism, Finesse, Renounce Religion


You were on level 3 of the Abyss.
You worshipped Okawaru.
Okawaru was exalted by your worship.
You were not hungry.

You visited 5 branches of the dungeon, and saw 26 of its levels.
You visited the Abyss 3 times.
You also visited: Labyrinth.

You collected 3205 gold pieces.
You spent 1047 gold pieces at shops.

Inventory:

Hand Weapons
 t - the +1 hand axe of Amorality {chop, MR+ Str+4, unknown}
   (Okawaru gifted it to you on level 3 of the Abyss)

   It inflicts extra damage upon your enemies.
   It affects your strength (+4).
   It affects your resistance to hostile enchantments.
 v - a +7 executioner's axe of draining (weapon)
 y - a +0 great mace of draining
Armour
 d - a +2 cloak (worn)
 n - a +2 plate armour of poison resistance (worn)
 q - the +0 pair of gloves "Ipius" (worn) {rC+ MP-9 Str+7}
   (Okawaru gifted it to you on level 8 of the Dungeon)

   It affects your strength (+7).
   It protects you from cold.
   It affects your magic capacity (-9).
 J - the +0 pair of boots of Muci (worn) {rF++}
   (Okawaru gifted it to you on level 6 of the Lair of Beasts)

   It greatly protects you from fire.
 L - the +6 storm dragon scales "Wenawagg" {rElec Regen+ MP-9 Str+4 Int+8}
   (Okawaru gifted it to you on level 14 of the Dungeon)

   It affects your strength (+4).
   It affects your intelligence (+8).
   It insulates you from electricity.
   It affects your magic capacity (-9).
   It increases your rate of regeneration.
 R - the +1 large shield "Selyeciu" (worn) {Regen+}
   (You found it in a labyrinth)

   It increases your rate of regeneration.
Jewellery
 u - the amulet of Qazlal's Outrage (around neck) {Faith rElec Int-3 Dex+7 Stlth-}
   (You acquired it on level 9 of the Dungeon)

   [amulet of faith]

   It allows you to gain divine favour quickly.
   It affects your intelligence (-3).
   It affects your dexterity (+7).
   It insulates you from electricity.
   It makes you less stealthy.
 w - a ring of protection from fire (left hand)
 A - an uncursed ring of positive energy
 K - an uncursed ring of flight
 M - a +4 ring of protection (right hand)
Wands
 N - a wand of flame (21/48)
 O - a wand of lightning (9/15)
 P - a wand of iceblast (7/15)
Scrolls
 a - a scroll of brand weapon
 b - 7 scrolls of identify
 g - 5 scrolls of recharging
 j - a scroll of silence
 m - 8 scrolls of enchant armour
 r - 4 scrolls of fog
 s - 2 scrolls of fear
 D - 7 scrolls of remove curse
 G - 2 scrolls of summoning
 I - 2 scrolls of magic mapping
Potions
 c - a potion of resistance
 e - 4 potions of flight
 i - 2 potions of curing
 k - 2 potions of ambrosia
 l - 3 potions of cure mutation
 x - a potion of brilliance
 z - 3 potions of agility
 B - 2 potions of lignification
 C - a potion of invisibility
 E - 2 potions of cancellation
 H - a potion of might
Comestibles
 f - 11 bread rations
 h - 11 slices of pizza
 o - 12 meat rations
 p - 8 beef jerkies
 Q - 10 royal jellies


   Skills:
 + Level 16.4 Fighting
 + Level 15.1 Axes
 + Level 18.7 Armour
 + Level 17.9 Shields


You had 16 spell levels left.
You didn't know any spells.

Dungeon Overview and Level Annotations

Branches:
Dungeon (15/15)            Temple (1/1) D:6            Lair (6/6) D:11
 Shoals (0/4) Lair:2       Spider (2/4) Lair:3        Slime (0/5) Lair:5
    Orc (2/2) D:9             Elf (0/3) Orc:2        Vaults (0/5) D:13
 Depths (0/5) D:15

Altars:
Ashenzari
Cheibriados
Dithmenos
Elyvilon
Fedhas
Gozag
Hepliaklqana
Makhleb
Nemelex Xobeh
Okawaru
Ru
Trog
Uskayaw
Xom
Zin
The Shining One
Beogh
Jiyva

Shops:
D:4 *   D:9 ?   D:10 *   D:12 !   Orc:2 =!*?

Annotations:
Lair:1 exclusion: oklob plant
Lair:2 exclusion: oklob plant
Spider:2 Louise


Innate Abilities, Weirdness & Mutations

You cannot be hasted, slowed, berserked, paralysed or teleported.
You can dig through walls and to a lower floor.
Your four strong arms can wield two-handed weapons with a shield.
You have a pair of large antennae on your head. (SInv)


Message History

You feel better. You block the raiju's attack.
You block the storm dragon simulacrum's attack.
The storm dragon simulacrum claws you.
* * * LOW HITPOINT WARNING * * *
The storm dragon simulacrum freezes you!
You resist.
* * * LOW HITPOINT WARNING * * *
The storm dragon simulacrum tramples you but does no damage.
The daeva calls down the wrath of the Shining One upon you.
The Shining One smites you!
* * * LOW HITPOINT WARNING * * *
You slice the storm dragon simulacrum!!
The storm dragon simulacrum is heavily damaged.
You completely miss the raiju. You block the raiju's attack.
You block the storm dragon simulacrum's attack.
The storm dragon simulacrum claws you.
* * * LOW HITPOINT WARNING * * *
The storm dragon simulacrum freezes you!
You resist.
You die...

.# #. ## .#. ##.
.#. .. ... #.##
###.. ...###
..#.#..##. #h#.#
..# ## #@Z##... .
.
.#.####A#........
#....h{{... .. ..
...# .ยง.#.... h.
#. .#..##. ..
##... .#. .
#..Z#...#.#..## #
......#.. #.#
.....##.# ##.{.##


You could see a daeva, a raiju and a storm dragon simulacrum.

Vanquished Creatures
  Rupert (Lair:4)
  A tentacled starspawn (Abyss:3)
  Frances (Spider:1)
  Roxanne (D:14)
  A cacodemon (Abyss:3)
  An orc warlord (D:9)
  A draconian shifter (Abyss:3)
  A very ugly thing (Abyss:3)
  A minotaur (Lab)
  A yaktaur captain (D:8)
  A rakshasa (Abyss:3)
  Harold (Lair:4)
  A fire dragon (Lair:6)
  6 hydras
  7 vault guards (D:13)
  3 centaur warriors
  An ice dragon (Lair:6)
  13 two-headed ogres
  An ogre mage (D:15)
  9 death yaks
  An orc high priest (Orc:2)
  2 tengu warriors
  A sun demon (Abyss:3)
  6 thrashing horrors (Abyss:3)
  3 skeletal warriors (D:14)
  2 wretched stars (Abyss:3)
  2 sixfirhies (Abyss:3)
  Nergalle (D:11)
  A spatial maelstrom (Abyss:3)
  2 unseen horrors
  2 wizards
  A swamp dragon (Lair:6)
  A flayed ghost (Abyss:3)
  10 orc knights
  2 lindwurms (Lair:6)
  4 orb spiders
  2 orc sorcerers
  3 wolf spiders (Spider:1)
  A deep elf mage (D:12)
  3 manticores
  4 ugly things
  6 cyclopes
  2 worldbinders (Abyss:3)
  Maurice (D:8)
  4 elephants (Lair:5)
  A naga mage (D:15)
  4 black mambas
  A centaur zombie (D:15)
  An orange demon (Abyss:3)
  A gargoyle (D:15)
  17 spiny frogs
  6 torpor snails
  A smoke demon (Abyss:3)
  A kobold demonologist (D:12)
  3 rime drakes (Lair:6)
  An efreet (D:12)
  A tengu conjurer (D:14)
  2 ancient zymes
  6 komodo dragons
  3 meliai (D:13)
  A hellwing (Abyss:3)
  14 trolls
  3 tyrant leeches (Lair:6)
  7 jumping spiders (Spider:1)
  A polar bear (Lair:6)
  13 slime creatures
  8 hornets
  A queen bee (D:12)
  2 polar bears (shapeshifter)
  4 raiju (Abyss:3)
  5 blink frogs (Lair:2)
  5 dream sheep (Lair:6)
  6 hippogriffs
  A shadow (Lab)
  71 yaks
  A centaur simulacrum (D:14)
  2 vampires
  2 ynoxinuls
  4 hogs (D:9)
  8 basilisks
  9 wyverns
  2 wraiths
  2 tarantellas (Spider:1)
  9 redbacks
  A human (D:9)
  7 vampire mosquitoes
  A chaos spawn (Abyss:3)
  4 hungry ghosts
  2 steam dragons
  7 wargs (Orc:2)
  2 spatial vortices (Abyss:3)
  A soldier ant (D:12)
  13 water moccasins
  10 large abominations (Abyss:3)
  2 acid dragons
  2 swamp drakes (Lair:6)
  5 porcupines
  5 sky beasts
  49 orc warriors
  7 ice beasts
  3 black bears
  15 ogres
  5 phantoms
  A necrophage (D:5)
  19 centaurs
  10 wolves
  7 crocodiles
  5 big kobolds
  14 bullfrogs
  5 gnoll sergeants (D:9)
  5 scorpions
  31 killer bees
  8 small abominations (Abyss:3)
  3 wights (D:9)
  2 electric eels (Lair:2)
  7 howler monkeys
  2 bullfrog zombies
  7 crimson imps
  Crazy Yiuf (D:2)
  2 quasits
  3 starcursed masses (Abyss:3)
  4 hounds
  2 jellies (D:9)
  25 orc priests
  3 centaur skeletons
  2 bullfrog skeletons
  An iron imp (Abyss:3)
  Jessica (D:2)
  Natasha (twice) (D:4)
  5 iguanas
  19 orc wizards
  11 worker ants
  4 hound skeletons
  12 gnolls
  16 adders
  3 shadow imps
  An ufetubus (Abyss:3)
  2 oozes
  2 adder zombies (D:9)
  3 adder skeletons
  A worm (D:2)
  2 dart slugs (D:2)
  5 leopard geckos
  115 orcs
  3 ball pythons
  6 giant cockroaches
  6 goblins
  6 hobgoblins
  14 jackals
  15 kobolds
  5 quokkas
  6 bats
  4 frilled lizards
  A leopard gecko skeleton (D:4)
  2 quokka skeletons
  6 rats
  5 fungi
  9 plants
  2 starspawn tentacles (Abyss:3)
954 creatures vanquished.

Vanquished Creatures (others)
  A wizard (D:15)
  A large abomination (Abyss:3)
  A small abomination (Abyss:3)
  An orc (Orc:1)
  5 fungi
  27 plants
  16 starspawn tentacles (Abyss:3)
52 creatures vanquished.

Grand Total: 1006 creatures vanquished

Notes
Turn   | Place    | Note
-------+----------+-------------------------------------------
     0 | D:1      | Faca the Formicid Fighter began the quest for the Orb.
     0 | D:1      | Reached XP level 1. HP: 18/18 MP: 1/1
    49 | D:1      | Reached XP level 2. HP: 16/24 MP: 2/2
   590 | D:2      | Reached XP level 3. HP: 29/30 MP: 3/3
   655 | D:2      | Found a shadowy altar of Dithmenos.
   671 | D:2      | Noticed Jessica
   672 | D:2      | Killed Jessica
   672 | D:2      | Reached XP level 4. HP: 36/37 MP: 4/4
   897 | D:2      | Found a glowing golden altar of the Shining One.
  1165 | D:2      | Found a runed door.
  1170 | D:2      | Noticed Crazy Yiuf
  1176 | D:2      | Killed Crazy Yiuf
  1176 | D:2      | Reached skill level 4 in Armour
  1176 | D:2      | Reached XP level 5. HP: 21/42 MP: 5/5
  1378 | D:3      | Found a sacrificial altar of Ru.
  1432 | D:3      | Reached skill level 5 in Shields
  1532 | D:3      | Found a hide-covered altar of Uskayaw.
  1628 | D:3      | Reached XP level 6. HP: 29/49 MP: 6/6
  1950 | D:4      | Upgraded the game from 0.20-a0-434-g93bceec to 0.20-a0-435-gf4ea4dd
  1990 | D:4      | Found Yrood's Assorted Antiques.
  2010 | D:4      | Bought a scroll labeled UMOADI QIFAAT for 23 gold pieces
  2032 | D:4      | Reached skill level 5 in Fighting
  2115 | D:4      | Reached XP level 7. HP: 29/56 MP: 7/7
  2312 | D:4      | Found a shattered altar of Ashenzari.
  2329 | D:4      | Noticed Natasha
  2347 | D:4      | Killed Natasha
  2785 | D:4      | Noticed Natasha
  2790 | D:4      | Killed Natasha
  2808 | D:5      | Entered Level 5 of the Dungeon
  2960 | D:5      | Reached skill level 5 in Armour
  3361 | D:5      | Reached XP level 8. HP: 57/64 MP: 8/8
  3773 | D:6      | Reached skill level 5 in Axes
  3779 | D:6      | Reached skill level 6 in Armour
  4238 | D:6      | Reached XP level 9. HP: 69/71 MP: 9/9
  4352 | D:6      | Found a staircase to the Ecumenical Temple.
  4381 | Temple   | Entered the Ecumenical Temple
  4433 | Temple   | Became a worshipper of Warmaster Okawaru
  4549 | D:6      | Found a white marble altar of Elyvilon.
  4551 | D:6      | Found a shimmering altar of Xom.
  4880 | D:7      | Reached * piety under Okawaru
  5000 | D:7      | Reached skill level 7 in Armour
  5170 | D:7      | Got a pitted short sword
  5171 | D:7      | Identified the +7 short sword "Xisauck" {pierce, rF+ rC+ MR+} (You found it on level 7 of the Dungeon)
  5444 | D:8      | Reached XP level 10. HP: 65/80 MP: 10/10
  5469 | D:8      | Reached ** piety under Okawaru
  5552 | D:8      | Found a shadowy altar of Dithmenos.
  5664 | D:8      | Noticed Maurice
  5664 | D:8      | Noticed a two-headed ogre
  5664 | D:8      | Noticed a two-headed ogre
  5680 | D:7      | Killed a two-headed ogre
  5680 | D:7      | Reached skill level 8 in Armour
  5874 | D:8      | HP: 4/82 [two-headed ogre/giant club (12)]
  5876 | D:8      | Killed a two-headed ogre
  5876 | D:8      | Reached *** piety under Okawaru
  5876 | D:8      | Reached skill level 9 in Armour
  6114 | D:8      | Killed Maurice
  6114 | D:8      | Reached skill level 10 in Shields
  6261 | D:8      | Noticed a red ugly thing
  6280 | D:8      | Killed a red ugly thing
  6280 | D:8      | Reached **** piety under Okawaru
  6468 | D:8      | Noticed a two-headed ogre
  6469 | D:8      | Noticed a yaktaur captain
  6469 | D:8      | Noticed a centaur warrior
  6494 | D:8      | Killed a two-headed ogre
  6494 | D:8      | Reached skill level 10 in Armour
  6494 | D:8      | Reached XP level 11. HP: 68/89 MP: 11/11
  6512 | D:8      | Reached ***** piety under Okawaru
  6620 | D:8      | Killed a centaur warrior
  6707 | D:8      | Noticed a two-headed ogre
  6720 | D:8      | Killed a two-headed ogre
  6720 | D:8      | Received a gift from Okawaru
  6720 | D:8      | Reached skill level 11 in Armour
  6735 | D:8      | Reached skill level 10 in Fighting
  6736 | D:8      | Got a pair of bloodstained gloves {god gift}
  6815 | D:8      | Killed a yaktaur captain
  7142 | D:8      | Identified the +0 pair of gloves "Ipius" {rC+ MP-9 Str+7} (Okawaru gifted it to you on level 8 of the Dungeon)
  7269 | D:9      | Found a glowing golden altar of the Shining One.
  7449 | D:9      | Identified a scroll of acquirement
  7450 | D:9      | Got a scorched bronze amulet
  7451 | D:9      | Identified the amulet of Qazlal's Outrage {Faith rElec Int-3 Dex+7 Stlth-} (You acquired it on level 9 of the Dungeon)
  7604 | D:9      | Found Lugimp's Magic Scroll Shop.
  7765 | D:9      | Reached skill level 12 in Armour
  8029 | D:9      | Found a staircase to the Orcish Mines.
  8093 | D:9      | Reached XP level 12. HP: 48/98 MP: 3/12
  8557 | D:10     | Entered Level 10 of the Dungeon
  9165 | D:10     | Found Fyr Inu's General Store.
  9204 | D:10     | Reached skill level 13 in Armour
  9426 | D:11     | Noticed Nergalle
  9448 | D:11     | Killed Nergalle
  9455 | D:11     | Received a gift from Okawaru
  9455 | D:11     | Reached skill level 10 in Axes
  9456 | D:11     | Got a smoking war axe {god gift}
  9537 | D:11     | Identified the +4 war axe of Astru {antimagic, rN+} (Okawaru gifted it to you on level 11 of the Dungeon)
  9603 | D:11     | Got a fine glaive
  9607 | D:11     | Identified the +8 glaive of Rubbish {venom, +Inv rC+ Str+4 Dex-4} (You found it on level 11 of the Dungeon)
 10173 | D:11     | You fall through a shaft for 2 floors!
 10509 | D:11     | Found a staircase to the Lair.
 10576 | D:11     | Received a gift from Okawaru
 10736 | D:11     | Reached skill level 14 in Armour
 10751 | D:11     | Reached ****** piety under Okawaru
 10755 | D:11     | Reached XP level 13. HP: 90/107 MP: 4/13
 10797 | Lair:1   | Entered Level 1 of the Lair of Beasts
 11185 | Lair:1   | Got a faintly humming shield
 11196 | Lair:1   | Identified the +2 shield of Johelua {rF- Str+3 Dex+2} (You acquired it on level 1 of the Lair of Beasts)
 11736 | Lair:2   | Noticed a four-headed hydra
 11754 | Lair:2   | Killed a four-headed hydra
 12207 | Lair:2   | Reached skill level 15 in Armour
 12256 | Lair:2   | Noticed a four-headed hydra
 12268 | Lair:2   | Killed a four-headed hydra
 12418 | Lair:2   | Received a gift from Okawaru
 12480 | Lair:2   | Found a staircase to the Shoals.
 12684 | Lair:2   | Got a scorched shield
 12695 | Lair:2   | Identified the +3 shield of the Swan {Int+3 Stlth+} (You found it on level 2 of the Lair of Beasts)
 13177 | Lair:3   | Noticed a seven-headed hydra
 13189 | Lair:3   | Killed a seven-headed hydra
 13208 | Lair:3   | Found a labyrinth entrance.
 13236 | Lab      | Entered a labyrinth
 13324 | Lab      | Found an exit through the horrors of the Abyss.
 13375 | Lab      | Noticed a minotaur
 13387 | Lab      | Killed a minotaur
 13392 | Lab      | Got a jewelled large shield
 13412 | Lair:3   | Identified the +1 large shield "Selyeciu" {Regen+} (You found it in a labyrinth)
 13468 | Lair:3   | Reached XP level 14. HP: 116/116 MP: 5/14
 13729 | Lair:3   | Found a hole to the Spider Nest.
 14242 | Lair:4   | Reached skill level 16 in Armour
 14248 | Lair:4   | Received a gift from Okawaru
 14406 | Lair:4   | Noticed Rupert
 14611 | Lair:4   | Killed Rupert
 14706 | Lair:4   | Noticed Harold
 14718 | Lair:4   | Killed Harold
 15112 | Lair:5   | Received a gift from Okawaru
 15588 | Lair:5   | Found a staircase to the Slime Pits.
 15589 | Lair:5   | Found a viscous altar of Jiyva.
 15953 | Lair:6   | Entered Level 6 of the Lair of Beasts
 16339 | Lair:6   | Received a gift from Okawaru
 16339 | Lair:6   | Reached XP level 15. HP: 113/125 MP: 6/15
 16350 | Lair:6   | Got a pair of shimmering boots {god gift}
 16361 | Lair:6   | Identified the +0 pair of boots of Muci {rF++} (Okawaru gifted it to you on level 6 of the Lair of Beasts)
 16419 | Lair:6   | Reached skill level 15 in Shields
 17214 | Lair:6   | Found a runed door.
 17271 | Lair:6   | Received a gift from Okawaru
 17407 | Lair:6   | Reached skill level 17 in Armour
 17733 | Orc:1    | Entered Level 1 of the Orcish Mines
 17733 | Orc:1    | Noticed an orc warlord
 17828 | D:9      | Killed an orc warlord
 18132 | Orc:2    | Entered Level 2 of the Orcish Mines
 18533 | Orc:2    | Found a staircase to the Elven Halls.
 18749 | Orc:2    | Found a roughly hewn altar of Beogh.
 18763 | Orc:2    | Found Coutant's Distillery.
 18794 | Orc:2    | Bought a potion of resistance for 140 gold pieces
 18803 | Orc:2    | Found Cytowkel's Jewellery Boutique.
 18812 | Orc:2    | Received a gift from Okawaru
 18947 | Orc:2    | Found Laniluum's Magic Scroll Emporium.
 18964 | Orc:2    | Reached XP level 16. HP: 51/134 MP: 7/16
 19072 | Orc:2    | Found Emoged's Assorted Antiques.
 19793 | D:12     | Found Ratogoof's Distillery.
 20022 | D:12     | Received a gift from Okawaru
 20070 | D:12     | Reached skill level 15 in Fighting
 20715 | D:13     | Found a gate to the Vaults.
 21473 | D:14     | Noticed Roxanne
 21514 | D:14     | Killed Roxanne
 21545 | D:14     | Got a bloodstained hunting sling
 21546 | D:14     | Identified the +4 hunting sling "Meavaeckil" {freeze, *Slow rPois rF+++ Dex+3} (You found it on level 14 of the Dungeon)
 21739 | D:14     | Received a gift from Okawaru
 21746 | D:14     | Got black opal-encrusted storm dragon scales {god gift}
 21757 | D:14     | Identified the +6 storm dragon scales "Wenawagg" {rElec Regen+ MP-9 Str+4 Int+8} (Okawaru gifted it to you on level 14 of the Dungeon)
 22189 | D:15     | Entered Level 15 of the Dungeon
 22274 | D:15     | Reached skill level 18 in Armour
 22442 | D:15     | Found a blossoming altar of Fedhas.
 22659 | D:15     | Reached XP level 17. HP: 142/142 MP: 0/17
 22690 | D:15     | Found a staircase to the Depths.
 23271 | D:10     | Bought a scroll of acquirement for 884 gold pieces
 23272 | D:10     | Got a faintly glowing lead ring
 23274 | D:10     | Identified the ring of the Seeker {Fire rElec MR- Int+5 SInv} (You acquired it on level 10 of the Dungeon)
 23435 | Spider:1 | Entered Level 1 of the Spider Nest
 23687 | Spider:1 | Received a gift from Okawaru
 23746 | Spider:1 | Noticed Frances
 23768 | Spider:1 | Killed Frances
 23985 | Spider:2 | Noticed Louise
 23993 | Spider:2 | Cast into level 3 of the Abyss (Louise)
 23993 | Abyss:3  | Found a corrupted altar of Lugonu.
 24091 | Abyss:3  | Noticed a tentacled starspawn
 24100 | Abyss:3  | Noticed a tentacled starspawn
 24231 | Abyss:3  | Found a corrupted altar of Lugonu.
 24367 | Abyss:3  | Found a corrupted altar of Lugonu.
 24389 | Abyss:3  | Reached skill level 15 in Axes
 24397 | Abyss:3  | HP: 6/144 [white ugly thing (16)]
 24400 | Spider:2 | Escaped the Abyss
 24560 | Spider:2 | Cast into level 3 of the Abyss (Louise)
 24583 | Abyss:3  | Found a radiant altar of Vehumet.
 24616 | Spider:2 | Escaped the Abyss
 24632 | Spider:2 | Cast into level 3 of the Abyss (Louise)
 24703 | Abyss:3  | Received a gift from Okawaru
 24706 | Abyss:3  | Got a crystal hand axe {god gift}
 24725 | Abyss:3  | Noticed a tentacled starspawn
 24767 | Abyss:3  | Killed a tentacled starspawn
 24835 | Abyss:3  | Found a shattered altar of Ashenzari.
 24907 | Abyss:3  | HP: 1/145 [daeva/divine providence (12)]
 24908 | Abyss:3  | Demolished by a storm dragon simulacrum

Vault maps used:
D:1:      dpeg_arrival_rooms_b
D:2:      nicolae_overflow_crystal_walls, grunt_dithmenos_smoke_and_mirrors,
          uniq_jessica, uniq_crazy_yiuf_cottage
D:3:      eat_drink_and_be_merry_uskayaw, nicolae_ru_sacrificial_ziggurat
D:4:      lemuel_doored_altar, serial_shops, nicolae_shop_overgrown_old_shop,
          first_bread, glass_columns_c, minmay_ruptured, uniq_natasha
D:6:      grunt_temple_overflow_open
D:8:      minmay_klotski, basic_altar, uniq_maurice
D:9:      kennysheep_orc_monster_closet_entryway, basic_altar, serial_shops,
          nicolae_shop_stone, grunt_livestock
D:10:     serial_shops, kennysheep_mini_moat
D:11:     lair_entry_dummy, special_room, uniq_nergalle
D:12:     serial_shops, shop, minmay_sticks_and_stones
D:13:     erik_vaults_2, lightli_wizard_tower
D:14:     uniq_roxanne
D:15:     grunt_enter_depths_magical_seal, fedhas_altar_2
Temple:   eino_temple_scatter_basement
Lair:1:   minmay_lair_oklob_bushes, st_stairs_10, serial_bayou_crossing
Lair:2:   minmay_shoals_entry_beasts, hibernation_bobbens, serial_bayou_shore_a,
          grunt_megastairs_5, minmay_lair_oklob_chamber, lemuel_fruit_fields
Lair:3:   nicolae_spider_entry_orb_guardian, lab_entry_generic, minivault_27,
          grunt_megastairs_1, serial_bayou_shore_b
Lair:4:   serial_bayou_pond_d, infiniplex_staircase_pool, uniq_rupert,
          uniq_harold
Lair:5:   slime_altar_1
Lair:6:   wormcave, guppyfry_lair_end_dragon, nicolae_lair_grove_arrangements
Spider:1: uniq_frances
Spider:2: spiders_nest_spider_trap, nicolae_spider_cling_ruins, uniq_louise
Orc:1:    minmay_orc_keep
Orc:2:    st_orc_town
Abyss:3:  minivault_25, evilmike_abyss_exit_10
Lab:      labyrinth_watery, lab_hedge, lab_fountain, labyrinth_fake_exit

Skill      XL: |  1  2  3  4  5  6  7  8  9 10 11 12 13 14 15 16 17 |
---------------+----------------------------------------------------+-----
Shields        | 4 5 6 7 9 10 11 12 13 14 16 17 | 17.9
Fighting       | 4 5 6 7 9 10 11 12 13 14 15 16 | 16.4
Armour         | 4 5 6 7 10 12 14 15 16 17 18 | 18.7
Axes           | 3 4 5 6 8 9 10 11 12 13 14 15 | 15.1

Action                   |  1- 3 |  4- 6 |  7- 9 | 10-12 | 13-15 | 16-18 || total
-------------------------+-------+-------+-------+-------+-------+-------++-------
Melee: War axe           |    58 |   185 |   343 |   745 |    88 |       ||  1419
       Executioner's axe |       |       |       |    25 |   725 |   709 ||  1459
       Glaive            |       |       |       |     5 |       |       ||     5
       Morningstar       |       |       |       |       |    31 |       ||    31
       Great mace        |       |       |       |       |    18 |     4 ||    22
 Abil: Dig               |       |       |       |     2 |     2 |    10 ||    14
  Use: Scroll            |     2 |     8 |    14 |     6 |    11 |     7 ||    48
       Potion            |       |     1 |       |     1 |     4 |    11 ||    17
 Stab: Distracted        |       |       |       |     1 |       |     1 ||     2
  Eat: Bread ration      |       |     1 |       |     4 |       |     2 ||     7
       Fruit             |       |       |     7 |       |    10 |       ||    17
       Chunk             |       |       |     1 |       |     5 |     2 ||     8
       Meat ration       |       |       |     1 |     1 |     3 |     1 ||     6
       Pizza             |       |       |       |     1 |       |       ||     1
       Royal jelly       |       |       |       |       |       |     4 ||     4
       Beef jerky        |       |       |       |       |       |     1 ||     1
Armor: Scale mail        |    14 |    70 |       |       |       |       ||    84
       Chain mail        |       |    23 |   166 |    35 |       |       ||   224
       Plate armour      |       |       |       |   329 |   376 |   262 ||   967
       Storm dragon scal |       |       |       |       |       |    46 ||    46
Dodge: Dodged            |    22 |    75 |    85 |   197 |   206 |   160 ||   745
Block: Shield            |    34 |   122 |   189 |   589 |   203 |       ||  1137
       Large shield      |       |       |       |       |   780 |   993 ||  1773
